AoeStats
← thunder bun

Arabia

507776337Analyzed
1v1 RM · 11d ago on Sep 19, 2026· 39m 12s· 2 players
Game mode
Random Map
Map size
Tiny (2 player)
Population
200
Speed
Normal
Resources
Standard
Victory
Conquest
Starting age
Dark Age
Ending age
Imperial Age
RankedLock teamsTeams togetherTeam positionsShared explorationLock speedFull tech treeHidden civsTurbo modeCheats
Victory
Defeat
🇹🇼 Slavs · Taiwan
2173
+20
🇨🇳 Spanish · China
2260
-20
thunder bun
8:24 Loom
10:58 Feudal Age
11:01 Man-at-Arms
11:28 Double-Bit Axe
16:41 Fletching
20:31 Castle Age
19:07 Padded Archer Armor
19:09 Gold Mining
19:19 Horse Collar
20:35 Crossbowman
21:11 Bodkin Arrow
23:17 Wheelbarrow
24:46 Scale Barding Armor
27:57 Ballistics
27:47 Light Cavalry
28:28 Husbandry
29:32 Elite Skirmisher
31:28 Bow Saw
31:51 Sanctity
35:31 Imperial Age
34:21 Bloodlines
34:35 Chain Barding Armor
35:53 Leather Archer Armor
36:57 Plate Barding Armor
36:48 Masonry
38:07 Forging
38:18 Block Printing
38:28 Illumination
38:18 Long Swordsman
CNZS_情场浪子
6:44 Loom
9:48 Feudal Age
10:17 Double-Bit Axe
10:41 Horse Collar
20:47 Castle Age
19:10 Gold Mining
19:47 Fletching
21:50 Bow Saw
25:35 Wheelbarrow
24:46 Town Watch
24:56 Stone Mining
27:02 Redemption
28:19 Sanctity
35:29 Imperial Age
33:48 Heavy Plow
33:56 Pikeman
35:02 Squires
37:14 Chemistry
35:35 Halberdier
37:28 Bodkin Arrow
37:33 Scale Mail Armor
39:07 Hand Cart
Connection lost

Rejoining the realm…

Still unreachable

The connection could not be restored.

Session expired

The server has moved on; the page needs a fresh start.